 Dungeon Crawl Stone Soup version 0.22.1-1-ga44c0e56f4 (webtiles) character file.

4318 Ivernyr the Destroyer (level 10, -1/75 HPs)
             Began as a Naga Wizard on Oct 19, 2018.
             Was a Follower of Cheibriados.
             Slain by a wraith (11 damage)
             ... on level 8 of the Dungeon.
             The game lasted 01:27:19 (10820 turns).

Ivernyr the Destroyer (Naga Wizard)                Turns: 10820, Time: 01:27:19

Health: -1/75      AC:  8    Str: 12    XL:     10   Next: 33%
Magic:  0/23       EV: 10    Int: 32    God:    Cheibriados [*.....]
Gold:   558        SH:  0    Dex: 12    Spells: 18/27 levels left

rFire    . . .     SeeInvis +   o - +5 rapier "Pimnal" {pierce, *Drain rN+ Int+6}
rCold    . . .     Gourm    .   (no shield)
rNeg     + . .     Faith    .   a - +0 robe
rPois    +         Spirit   .   m - +0 helmet
rElec    .         Reflect  .   s - +2 cloak {rPois}
rCorr    .         Harm     .   (no gloves)
MR       +....                  (no barding)
Stlth    ++........             (no amulet)
HPRegen  0.22/turn              (no ring)
MPRegen  0.18/turn              (no ring)

@: short of breath, slowed, very slow
A: large, see invisible, deformed body, poison resistance, slowness 2, slow
metabolism 1, spit poison 1, AC +3
a: Spit Poison, Bend Time, Renounce Religion


You were on level 8 of the Dungeon.
You worshipped Cheibriados.
Cheibriados was aware of your devotion.
You were hungry.

You visited 2 branches of the dungeon, and saw 10 of its levels.

You collected 558 gold pieces.

Inventory:

Hand Weapons
 o - the +5 rapier "Pimnal" (weapon) {pierce, *Drain rN+ Int+6}
   (You found it on level 6 of the Dungeon)

   It inflicts extra damage upon your enemies.
   It affects your intelligence (+6).
   It protects you from negative energy.
   It causes draining when unequipped.
Armour
 a - a +0 robe (worn)
 g - a +2 shield
 m - a +0 helmet (worn)
 s - a +2 cloak of poison resistance (worn)
Jewellery
 u - an uncursed amulet of regeneration {unknown}
Wands
 l - a wand of acid (9)
 w - a wand of paralysis (14)
Scrolls
 b - 2 scrolls of fog {unknown}
 c - a scroll of identify
 e - a scroll of noise {unknown}
 h - a scroll of random uselessness {unknown}
 j - 5 scrolls of teleportation
 k - a scroll of amnesia {unknown}
 n - 3 scrolls of remove curse {unknown}
 p - a scroll of enchant weapon {unknown}
 q - a scroll of fear {unknown}
 t - a scroll of blinking {unknown}
 v - a scroll of vulnerability {unknown}
Potions
 f - a potion of lignification
 i - 2 potions of haste
 r - a potion of brilliance {unknown}
Comestibles
 d - 19 rations


   Skills:
 - Level 1.5 Dodging
 - Level 3.0 Stealth
 + Level 3.5 Shields
 + Level 9.1 Spellcasting
 + Level 9.4 Conjurations
   Level 1.0 Summonings
 - Level 1.0 Translocations
 + Level 4.7 Invocations


You had 18 spell levels left.
You knew the following spells:

 Your Spells              Type           Power        Failure   Level  Hunger
a - Magic Dart            Conj           ####         1%          1    None
b - Blink                 Tloc           N/A          3%          2    None
c - Conjure Flame         Conj/Fire      #####...     1%          3    None
d - Mephitic Cloud        Conj/Pois/Air  ####....     2%          3    None

Your spell library contained the following spells:

 Spells                   Type           Power        Failure   Level  Hunger
 Call Imp                 Summ           ###.....     3%          2    None
 Slow                     Hex            ##......     4%          2    None


Dungeon Overview and Level Annotations

Branches:
Dungeon (9/15)             Temple (1/1) D:7
   Lair: D:8-11         Orc: D:9-12

Altars:
Ashenzari
Cheibriados
Dithmenos
Fedhas
Gozag
Kikubaaqudgha
Makhleb
Nemelex Xobeh
Okawaru
Qazlal
Sif Muna
Trog
Uskayaw
Wu Jian
Xom
Yredelemnul
The Shining One

Shops:
D:4 }   D:7 [(:*?   D:9 [


Innate Abilities, Weirdness & Mutations

You cannot wear boots.
Your serpentine skin is tough. (AC +3)
You have supernaturally acute eyesight. (SInv)
Armour fits poorly on your strangely shaped body.
Your system is resistant to poisons. (rPois)
You cover ground very slowly.
You have a slow metabolism.
You can spit poison.


Message History

The hound bites you. The wraith hits you! The wraith drains your vigour!
You feel as though you will be slow longer.
You closely miss the wraith.
The wraith is almost destroyed.
You kill the hound!
Cheibriados appreciates the change of pace.
Cheibriados raises the support of your attributes as your movement slows.
The wraith hits you!
* * * LOW HITPOINT WARNING * * *
The wraith drains your vigour!
You feel as though you will be slow longer.
Casting: Magic Dart (safe; 1% risk of failure)
Confirm with . or Enter, or press ? or * to list all spells.
Aiming: Magic Dart (safe; 1% risk of failure)
Press: ? - help, Shift-Dir - straight line, f - wraith
Aim: a wraith (almost destroyed)
The magic dart hits the wraith.
The wraith is almost destroyed.
The wraith hits you!
You die...

#...##....#.#..........###...#
#.#######........(...........#
#.# ######............#########
#.# ##................####8###8##
#.###..#######.....##.###........
#.....## #........##8........
####..# ####.#.......##........
#.....#####....##.#....##...##8##
####............@W(....##...####
.......###..###...###.##8...8#
.####.............#######...## .#
####...####........##...# ##
#..## ########.##...## # #..#
#.#8...8# #### #.##...## #......#
########


You could see a wraith.

Vanquished Creatures
  A two-headed ogre (D:8)
  Maurice (D:8)
  2 hornets (D:8)
  Prince Ribbit (D:8)
  2 hippogriffs (D:8)
  3 yaks (D:8)
  A hungry ghost (D:7)
  A water moccasin (D:9)
  A soldier ant (D:8)
  4 phantoms
  3 sky beasts
  An ogre (D:4)
  4 centaurs
  A bullfrog (D:7)
  A scorpion (D:4)
  5 wights
  A howler monkey (D:7)
  A crimson imp (D:8)
  3 hounds
  2 orc priests (D:3)
  Crazy Yiuf (D:6)
  A jelly (D:7)
  A bullfrog skeleton (D:6)
  8 worker ants
  A killer bee zombie (D:6)
  A gnoll (D:4)
  9 adders
  2 shadow imps
  2 oozes (D:1)
  An adder zombie (D:7)
  An adder skeleton (D:7)
  5 worms
  3 leopard geckos
  23 orcs
  5 giant cockroaches
  6 goblins
  5 hobgoblins
  8 jackals
  8 kobolds
  4 quokkas
  11 bats
  11 frilled lizards
  A jackal skeleton (D:6)
  10 rats
167 creatures vanquished.

Vanquished Creatures (others)
  Joseph (D:8)
  A yak (D:8)
  An adder (D:8)
  A leopard gecko (D:8)
  2 orcs (D:6)
6 creatures vanquished.

Grand Total: 173 creatures vanquished

Notes
Turn   | Place    | Note
-------+----------+-------------------------------------------
     0 | D:1      | Ivernyr the Naga Wizard began the quest for the Orb.
     0 | D:1      | Reached XP level 1. HP: 15/15 MP: 4/4
   291 | D:1      | Reached XP level 2. HP: 10/22 MP: 3/6
   295 | D:1      | Learned a level 2 spell: Blink
  1195 | D:1      | Reached XP level 3. HP: 22/28 MP: 1/7
  1291 | D:1      | Found a glowing golden altar of the Shining One.
  1714 | D:2      | Learned a level 3 spell: Conjure Flame
  1718 | D:2      | Learned a level 3 spell: Mephitic Cloud
  2128 | D:2      | Reached XP level 4. HP: 36/36 MP: 6/9
  2953 | D:3      | Reached XP level 5. HP: 5/42 MP: 1/11
  3804 | D:4      | Reached XP level 6. HP: 49/49 MP: 6/13
  3903 | D:4      | Reached skill level 5 in Spellcasting
  4384 | D:4      | Found Wammaom's Gadget Shoppe.
  4474 | D:4      | Found an iron altar of Okawaru.
  4643 | D:5      | Entered Level 5 of the Dungeon
  4652 | D:5      | Noticed a phantom
  4675 | D:5      | Killed a phantom
  4675 | D:5      | Reached XP level 7. HP: 52/55 MP: 0/15
  4796 | D:5      | Reached skill level 5 in Conjurations
  5958 | D:6      | Reached XP level 8. HP: 54/62 MP: 6/17
  7177 | D:6      | Found a runed door.
  7181 | D:6      | Noticed Crazy Yiuf
  7191 | D:6      | Killed Crazy Yiuf
  7358 | D:6      | Found a stormy altar of Qazlal.
  7747 | D:6      | Got a smoking rapier
  7748 | D:6      | Identified the +5 rapier "Pimnal" {pierce, *Drain rN+
                  | Int+6} (You found it on level 6 of the Dungeon)
  8179 | D:7      | Found Roukung's Magic Scroll Shop.
  8183 | D:7      | Found Arazxis's Book Boutique.
  8186 | D:7      | Found Pyci Pen's Armour Boutique.
  8230 | D:7      | Found Nampym Tuasch's Weapon Boutique.
  8237 | D:7      | Found Veg Ajam's General Store.
  8340 | D:7      | Reached XP level 9. HP: 60/68 MP: 9/20
  8466 | D:7      | Found a staircase to the Ecumenical Temple.
  8471 | Temple   | Entered the Ecumenical Temple
  8494 | Temple   | Became a worshipper of Cheibriados the Contemplative
  8792 | D:7      | Found an ornate altar of the Wu Jian Council.
  8946 | D:8      | Reached skill level 1 in Invocations
  9020 | D:8      | Noticed Prince Ribbit
  9024 | D:8      | Reached skill level 1 in Shields
  9100 | D:8      | Killed Prince Ribbit
  9206 | D:8      | Noticed Maurice
  9234 | D:8      | Killed Maurice
  9338 | D:8      | Reached * piety under Cheibriados
  9612 | D:8      | Noticed a two-headed ogre
  9634 | D:8      | Killed a two-headed ogre
  9634 | D:8      | Reached XP level 10. HP: 62/75 MP: 10/23
  9960 | D:8      | Killed Joseph
 10101 | D:8      | Paralysed by a hornet for 1 turns
 10518 | D:9      | Found Nagi's Armour Emporium.
 10820 | D:8      | Slain by a wraith

Skill      XL: |  1  2  3  4  5  6  7  8  9 |
---------------+----------------------------+-----
Conjurations   | 2 3 4 6 8 9 |  9.4
Spellcasting   | 4 5 6 7 9 |  9.1
Invocations    | 4 |  4.7
Shields        | 3 |  3.5
Dodging        | |  1.5
Stealth        | |  3.0
Summonings     | |  1.0
Translocations | |  1.0

Action                   |  1- 3 |  4- 6 |  7- 9 | 10-12 || total
-------------------------+-------+-------+-------+-------++-------
Melee: Unarmed           |    39 |       |       |       ||    39
       Scimitar          |     6 |    27 |    48 |       ||    81
       Rapier            |       |       |    56 |    22 ||    78
 Cast: Magic Dart        |    71 |   122 |   255 |    51 ||   499
       Mephitic Cloud    |       |     4 |    16 |     8 ||    28
       Conjure Flame     |       |       |    12 |     2 ||    14
       Blink             |       |       |     3 |     9 ||    12
 Abil: Spit Poison       |     3 |     8 |     9 |     4 ||    24
  Use: Potion            |       |     5 |       |       ||     5
       Scroll            |       |       |     4 |       ||     4
 Stab: Invisible         |       |     1 |       |       ||     1
       Confused          |       |       |     4 |     2 ||     6
       Paralysed         |       |       |       |     2 ||     2
  Eat: Chunk             |     2 |     7 |    13 |     1 ||    23
Armor: Robe              |    13 |     3 |    33 |    11 ||    60
       Skin              |       |     4 |       |       ||     4
Dodge: Dodged            |    39 |    25 |    77 |    20 ||   161
       Rpst.: Scimitar   |     7 |     4 |    18 |       ||    29
